 Dungeon Crawl Stone Soup version 0.21-a0-444-g29a2fec (webtiles) character file.

2100 Ijustatesigmund the Basher (level 9, -5/57 HPs)
             Began as an Octopode Artificer on Nov 17, 2017.
             Slain by darxusza's ghost (7 damage)
             ... on level 6 of the Dungeon.
             The game lasted 00:23:30 (7779 turns).

Ijustatesigmund the Basher (Octopode Artificer)     Turns: 7779, Time: 00:23:31

Health: -5/57      AC:  8    Str: 12    XL:     9   Next: 28%
Magic:  11/11      EV: 15    Int: 13    God:
Gold:   279        SH:  0    Dex: 15    Spells: 8/8 levels left

rFire    . . .     SeeInvis .   m - +0 flail (protect)
rCold    . . .     Gourm    .   (no shield)
rNeg     + . .     Faith    .   (helmet restricted)
rPois    .         Spirit   .   (no amulet)
rElec    .         Reflect  .   o - ring of positive energy
rCorr    .         Harm     .   w - ring of protection from magic
MR       +....                  D - ring of stealth (curse)
Stlth    +++++.....             (no ring)
HPRegen  0.19/turn              (no ring)
MPRegen  0.12/turn              (no ring)
                                (no ring)
                                (no ring)

@: protection aura, hasted, very quick
A: almost no armour, stealthy swim, amphibious, 8 rings, constrict 8, tentacle
spike 1, camouflage 1, frail 1, sense surroundings 1, gelatinous body 1
a: no special abilities


You were on level 6 of the Dungeon.
You were not hungry.

You visited 1 branch of the dungeon, and saw 7 of its levels.

You collected 279 gold pieces.

Inventory:

Hand Weapons
 a - a +3 dagger
 m - a +0 flail of protection (weapon)
Missiles
 e - 4 javelins (quivered)
 t - a throwing net
Jewellery
 o - a ring of positive energy (left tentacle)
 w - a ring of protection from magic (right tentacle)
 D - a cursed ring of stealth (on tentacle)
Wands
 b - a wand of flame (15/48)
 c - a wand of enslavement (7/24)
 d - a wand of random effects (9/48)
 l - a wand of enslavement (12/24)
 r - a wand of paralysis (0/24)
 C - a wand of confusion (16/48)
Scrolls
 i - a scroll of brand weapon
 k - 2 scrolls of recharging
 p - 3 scrolls of remove curse
 v - a scroll of teleportation
 x - a scroll of fear
 E - a scroll of identify
Potions
 q - a potion of flight
 s - a potion of brilliance
 u - 2 potions of curing
Books
 y - a book of Necromancy

   Spells                             Type                      Level
   a - Pain                           Necromancy                   1
   b - Animate Skeleton               Necromancy                   1
   c - Vampiric Draining              Necromancy                   3
   d - Regeneration                   Charms/Necromancy            3
   e - Animate Dead                   Necromancy                   4
   f - Control Undead                 Necromancy                   4
Comestibles
 f - 6 bread rations
 h - 7 meat rations
 j - a fruit
 n - 2 royal jellies


   Skills:
 - Level 7.4 Fighting
 - Level 1.0 Short Blades
 + Level 8.1 Maces & Flails
 - Level 3.7 Dodging
 - Level 4.6 Stealth
 - Level 3.2 Evocations


You had 8 spell levels left.
You didn't know any spells.

Dungeon Overview and Level Annotations

Branches:
Dungeon (7/15)
 Temple: D:4-7

Altars:
Ashenzari
Hepliaklqana
Kikubaaqudgha
Sif Muna

Annotations:
D:6 darxusza's ghost, novice MiBe


Innate Abilities, Weirdness & Mutations

You cannot wear most types of armour.
You are very stealthy in the water. (Stealth+)
You are amphibious.
You can wear up to eight rings at the same time.
You can use your tentacles to constrict eight enemies at once.
Your skin changes colour to match your surroundings (Stealth+).
Your rubbery body absorbs attacks. (AC +1, EV +1)
One of your tentacles bears a spike.
You are frail. (-10% HP)
You passively map a small area around you.


Message History

You hit darxusza's ghost but do no damage.
You pierce darxusza's ghost, but do no damage.
Darxusza's ghost is severely damaged.
You hit darxusza's ghost.
Darxusza's ghost is severely damaged.
Darxusza's ghost says, "Death is your only future!"
Darxusza's ghost closely misses you.
You hit darxusza's ghost.
Darxusza's ghost is severely damaged.
Darxusza's ghost barely misses you.
You hit darxusza's ghost.
Darxusza's ghost is almost destroyed.
You hit darxusza's ghost but do no damage.
You pierce darxusza's ghost, but do no damage.
Darxusza's ghost is almost destroyed.
Darxusza's ghost completely misses you.
You hit darxusza's ghost. Your squeeze misses darxusza's ghost.
Darxusza's ghost is almost destroyed.
Darxusza's ghost hits you!
You die...

# #.###########.#....# #
#######.............####.# ###
##................§....##)# ..#
##..((........(..........#.# #.#
##......#.....#o....#.......#
#.###...###.#h###.#h###.#.###...#
#.....Wo....#†.(..#.....#.......#
##.......#o..h.#W....#..........#
*#...###.#.###.#@###.#.###.W...##
#........#.....#.....#........##
......#.....#.....#..........##
..###.#.###.#.###.#.###.....## ..
.#. ,.#.....#........## .. ...
#.....#..........## *
#.###.#.###.....#*
,.#.....#........# ,
...............####


You could see darxusza's ghost.

Vanquished Creatures
  The ghost of Autsider the Chopper, an amateur DDFi (D:4)
  Prince Ribbit (D:5)
  A soldier ant (D:5)
  An ice beast (D:6)
  A sky beast (D:4)
  2 ogres
  A centaur (D:4)
  A phantom (D:4)
  A bullfrog (D:6)
  2 killer bees (D:5)
  A howler monkey (D:6)
  A crimson imp (D:7)
  A jelly (D:6)
  4 hounds
  A bullfrog skeleton (D:5)
  4 orc priests
  An iguana (D:4)
  4 orc wizards
  2 worker ants (D:6)
  A hound zombie (D:2)
  A worker ant zombie (D:5)
  A howler monkey skeleton (D:6)
  9 adders
  An ooze (D:2)
  2 worms
  2 dart slugs
  4 leopard geckos
  21 orcs
  8 giant cockroaches
  10 goblins
  6 hobgoblins
  9 jackals
  4 quokkas
  5 ball pythons
  6 bats
  4 frilled lizards
  7 kobolds
  4 rats
  A butterfly (D:5)
137 creatures vanquished.

Vanquished Creatures (collateral kills)
  An ice beast (D:6)
  2 bullfrogs (D:6)
  A crimson imp (D:6)
  2 worker ants (D:5)
  5 orcs
  4 giant cockroaches (D:5)
  A leopard gecko skeleton (D:6)
  A quokka zombie (D:6)
17 creatures vanquished.

Vanquished Creatures (others)
  A centaur (D:6)
  A jelly (D:5)
  An orc wizard (D:3)
  2 worker ants
  4 orcs
  A jackal (D:5)
10 creatures vanquished.

Grand Total: 164 creatures vanquished

Notes
Turn   | Place    | Note
-------+----------+-------------------------------------------
     0 | D:1      | Ijustatesigmund the Octopode Artificer began the quest for the Orb.
     0 | D:1      | Reached XP level 1. HP: 13/13 MP: 3/3
    96 | D:1      | Reached XP level 2. HP: 18/19 MP: 4/4
   707 | D:1      | Reached XP level 3. HP: 14/25 MP: 5/5
  1038 | D:2      | Reached XP level 4. HP: 15/33 MP: 6/6
  1749 | D:2      | Reached XP level 5. HP: 31/38 MP: 7/7
  2352 | D:3      | Found a deep blue altar of Sif Muna.
  2687 | D:3      | Found an ancient bone altar of Kikubaaqudgha.
  2752 | D:3      | Reached skill level 5 in Fighting
  3209 | D:3      | Found a shattered altar of Ashenzari.
  3284 | D:3      | Reached XP level 6. HP: 45/45 MP: 8/8
  3947 | D:4      | Noticed Autsider's ghost (amateur DDFi)
  3977 | D:4      | Killed Autsider's ghost
  3977 | D:4      | Reached XP level 7. HP: 25/51 MP: 9/9
  4625 | D:4      | Gained mutation: Your spells are a little harder to cast, but a little more powerful. [mutagenic meat]
  4626 | D:4      | Gained mutation: You passively map a small area around you. [mutagenic meat]
  4627 | D:4      | Gained mutation: Your magical capacity is low. (-10% MP) [mutagenic meat]
  4872 | D:4      | Reached XP level 8. HP: 50/60 MP: 9/9
  4964 | D:5      | Entered Level 5 of the Dungeon
  4964 | D:5      | Noticed Prince Ribbit
  5267 | D:5      | Killed Prince Ribbit
  5267 | D:5      | Reached skill level 2 in Maces & Flails
  5363 | D:6      | Reached skill level 3 in Maces & Flails
  5734 | D:6      | Reached skill level 4 in Maces & Flails
  6391 | D:5      | Found a hazy altar of Hepliaklqana.
  6433 | D:5      | Reached skill level 5 in Maces & Flails
  6729 | D:5      | Found a runed door.
  6738 | D:5      | Found a runed door.
  6764 | D:5      | Reached skill level 6 in Maces & Flails
  7035 | D:6      | Reached XP level 9. HP: 59/64 MP: 10/10
  7069 | D:6      | Lost mutation: Your magical capacity is low. (-10% MP) [potion of mutation]
  7069 | D:6      | Lost mutation: Your spells are a little harder to cast, but a little more powerful. [potion of mutation]
  7069 | D:6      | Gained mutation: You are frail. (-10% HP) [potion of mutation]
  7069 | D:6      | Gained mutation: One of your tentacles bears a spike. [potion of mutation]
  7083 | D:6      | Reached skill level 7 in Maces & Flails
  7098 | D:6      | Noticed darxusza's ghost (novice MiBe)
  7318 | D:6      | Reached skill level 8 in Maces & Flails
  7770 | D:6      | HP: 1/57 [darxusza's ghost (13)]
  7779 | D:6      | Slain by darxusza's ghost

Vault maps used:
D:1:      tarquinn_simple_flora_water_c, minivault_5, feat_on_display
D:2:      guppyfry_early_orc_mine
D:3:      lemuel_round_altar, cheibrodos_ashenzari_chains,
          kiku_gazebo_garden_becter, first_bread
D:4:      fountainhead
D:5:      lemuel_insect_pit, lemuel_crystal_altar, serial_curves,
          eino_curves_02, eino_curves_02, uniq_prince_ribbit1
D:6:      hangedman_cross_stitches, lemuel_crystal_altar, temple_hall,
          grunt_tough_drop
D:7:      kennysheep_little_box

Skill      XL: |  1  2  3  4  5  6  7  8  9 |
---------------+----------------------------+-----
Fighting       | 2 3 4 5 7 |  7.4
Stealth        | 2 4 |  4.6
Dodging        | 3 |  3.7
Maces & Flails | 6 8 |  8.1
Short Blades   | |  1.0
Evocations     | |  3.2

Action                   |  1- 3 |  4- 6 |  7- 9 || total
-------------------------+-------+-------+-------++-------
Melee: Short sword       |    60 |    40 |       ||   100
       Constrict         |    16 |    41 |    31 ||    88
       Tentacles         |     7 |    35 |    40 ||    82
       Dagger            |       |   103 |    89 ||   192
       Flail             |       |       |    88 ||    88
       Kick              |       |       |     8 ||     8
Throw: Javelin           |     3 |     2 |    13 ||    18
Evoke: Wand              |       |     7 |    21 ||    28
  Use: Scroll            |       |     8 |     8 ||    16
       Potion            |       |     2 |     9 ||    11
 Stab: Sleeping          |     9 |     6 |     5 ||    20
       Confused          |       |       |     2 ||     2
       Paralysed         |       |       |     1 ||     1
       Distracted        |       |       |     1 ||     1
  Eat: Chunk             |       |     9 |    12 ||    21
       Fruit             |       |     1 |     2 ||     3
       Royal jelly       |       |       |     1 ||     1
Armor: Skin              |       |     7 |    18 ||    25
Dodge: Dodged            |    40 |    93 |   139 ||   272

Table legend:
 A = Spawn XP
 B = Non-spawn XP
 C = Spawn XP percentage of total XP
 D = Spawn monster count
 E = Non-spawn monster count
 F = Spawn count percentage of total count
 G = Total turns spent on level
                    A         B        C        D         E        F      G
               +---------+---------+-------+---------+---------+-------+---------
         Total |       0 |    3001 |   0.0 |       0 |     156 |   0.0 |  7779
               +---------+---------+-------+---------+---------+-------+---------
           D:1 |       0 |      39 |   0.0 |       0 |      22 |   0.0 |   868
           D:2 |       0 |     152 |   0.0 |       0 |      29 |   0.0 |  1449
           D:3 |       0 |     184 |   0.0 |       0 |      38 |   0.0 |  1566
           D:4 |       0 |     825 |   0.0 |       0 |      15 |   0.0 |  1343
           D:5 |       0 |     826 |   0.0 |       0 |      23 |   0.0 |  1106
           D:6 |       0 |     847 |   0.0 |       0 |      26 |   0.0 |  1275
           D:7 |       0 |     128 |   0.0 |       0 |       3 |   0.0 |   172
               +---------+---------+-------+---------+---------+-------+---------
